 Dungeon Crawl Stone Soup version 0.25-a0-614-g73ad250 (webtiles) character file.

Game seed: 1006109522431102620, levelgen mode: deterministic

221 15 the Bolt Thrower (level 6, 0/47 HPs)
             Began as a Formicid Hunter on Mar 17, 2020.
             Slain by a worker ant (1 damage)
             ... on level 4 of the Dungeon.
             The game lasted 00:11:13 (2851 turns).

15 the Bolt Thrower (Formicid Hunter)               Turns: 2851, Time: 00:11:13

Health: 0/47       AC:  5    Str: 17    XL:     6   Next: 19%
Magic:  9/9        EV: 11    Int: 12    God:
Gold:   250        SH:  0    Dex: 11    Spells: 9/9 levels left

rFire    . . .     SeeInvis +   k - +0 battleaxe
rCold    . . .     Gourm    .   (no shield)
rNeg     . . .     Faith    .   g - +0 ring mail
rPois    .         Spirit   .   (helmet unavailable)
rElec    .         Reflect  .   (no cloak)
rCorr    .         Harm     .   (no gloves)
MR       .....                  (no boots)
Stlth    +.........             (no amulet)
HPRegen  0.15/turn              b - +3 ring of slaying
MPRegen  0.11/turn              (no ring)

@: mighty, lethally poisoned (0 -> -7)
A: permanent stasis, dig shafts and tunnels, four strong arms, antennae 3
a: Dig, Shaft Self


You were on level 4 of the Dungeon.
You were not hungry.

You visited 1 branch of the dungeon, and saw 4 of its levels.

You collected 250 gold pieces.

Inventory:

Hand Weapons
 a - a +1 hand crossbow
 k - a +0 battleaxe (weapon)
Missiles
 d - 55 bolts
Armour
 c - a +0 leather armour
 g - a +0 ring mail (worn)
Magical Staves
 e - an uncursed staff of cold
Jewellery
 b - a +3 ring of slaying (left hand)
Scrolls
 h - 5 scrolls of random uselessness {unknown}
 i - 2 scrolls of teleportation {unknown}
 m - a scroll of fog {unknown}
 o - 2 scrolls of remove curse
 s - a scroll of magic mapping {unknown}
Potions
 j - a potion of flight
 n - a potion of brilliance {unknown}
 r - a potion of magic {unknown}
Comestibles
 f - 8 rations
 p - 10 chunks of flesh


   Skills:
 * Level 3.0 Fighting
 * Level 2.2 Axes
 * Level 4.7 Crossbows
 * Level 2.0 Armour
 * Level 2.1 Dodging
 + Level 1.4 Stealth
 * Level 2.2 Spellcasting
 * Level 0.6 Evocations


You had 9 spell levels left.
You didn't know any spells.
Your spell library was empty.

Dungeon Overview and Level Annotations

Branches:
Dungeon (4/15)
 Temple: D:4-7

Altars:
Ashenzari
Gozag
Qazlal
Sif Muna
Vehumet
The Shining One


Innate Abilities, Weirdness & Mutations

You cannot be hasted, slowed, berserked, paralysed or teleported.
You can dig through walls and to a lower floor.
Your four strong arms can wield two-handed weapons with a shield.
You have a pair of large antennae on your head. (SInv)


Message History

You feel sick. The worker ant bites you.
* * * LOW HITPOINT WARNING * * *
The worker ant barely misses you.
Unknown command.
It was a potion of might.
You feel very mighty all of a sudden.
* * * LOW HITPOINT WARNING * * *
You feel sick. The worker ant barely misses you.
Okay, then.
You slash the worker ant!
The worker ant is almost dead.
* * * LOW HITPOINT WARNING * * *
You feel sick. The worker ant bites you.
* * * LOW HITPOINT WARNING * * *
The worker ant bites you but does no damage.
You barely miss the worker ant.
The worker ant is almost dead.
* * * LOW HITPOINT WARNING * * *
You feel sick. The worker ant barely misses you. The worker ant bites you.
You die...

.............#.
................
................###
.........._..._...#
..................#
............⌠.....##
#...................
#........._..._..!#
#...........@a....###
....................
..................##
.................##
...........[....##
...............##
..............)#######
......................
.............#)###########.


You could see a worker ant.

Vanquished Creatures
  3 orc priests
  4 adders
  A gnoll (D:1)
  2 worms (D:2)
  2 dart slugs (D:1)
  2 leopard geckos
  7 orcs
  3 giant cockroaches
  8 goblins
  5 hobgoblins
  4 kobolds
  4 quokkas
  2 ball pythons (D:2)
  12 bats
  3 frilled lizards
  14 rats
76 creatures vanquished.

Notes
Turn   | Place    | Note
-------+----------+-------------------------------------------
     0 | D:1      | 15 the Formicid Hunter began the quest for the Orb.
     0 | D:1      | Reached XP level 1. HP: 16/16 MP: 1/1
   128 | D:1      | Found a glowing golden altar of the Shining One.
   235 | D:1      | Reached skill level 1 in Spellcasting
   235 | D:1      | Reached XP level 2. HP: 20/22 MP: 1/3
   303 | D:1      | Reached XP level 3. HP: 18/28 MP: 4/4
  1015 | D:2      | Reached skill level 1 in Axes
  1015 | D:2      | Reached XP level 4. HP: 7/34 MP: 5/5
  1026 | D:2      | Reached skill level 1 in Armour
  1029 | D:2      | HP: 2/51 [poisoned by an adder]
  1036 | D:2      | HP: 1/51 [poisoned by an adder]
  1885 | D:3      | Reached XP level 5. HP: 15/39 MP: 6/8
  2612 | D:3      | Found an opulent altar of Gozag.
  2783 | D:4      | Reached XP level 6. HP: 35/46 MP: 9/9
  2804 | D:4      | Found a shimmering blue altar of Sif Muna.
  2804 | D:4      | Found a stormy altar of Qazlal.
  2827 | D:4      | Found a radiant altar of Vehumet.
  2827 | D:4      | Found a shattered altar of Ashenzari.
  2851 | D:4      | HP: 1/47 [poisoned by a worker ant]
  2851 | D:4      | Slain by a worker ant

Levels and vault maps discovered:
D:1:      onia_arrival_pentagram, layout_basic, interstate_on_off, tso_altar
D:2:      layout_loops_ring, minmay_joined_circles
D:3:      layout_loops_ring, dk_noncrumbling_4, serial_bayou_pond_b,
          grunt_gozag_breadcrumbs
D:4:      layout_basic, marbit_many_paths, kennysheep_mini_moat,
          grunt_temple_overflow_open

Skill      XL: |  1  2  3  4  5  6 |
---------------+-------------------+-----
Spellcasting   | 1 2 |  2.2
Axes           | 1 2 |  2.2
Armour         | 1 2 |  2.0
Dodging        | 2 |  2.1
Fighting       | 3 |  3.0
Crossbows      | |  4.7
Stealth        | |  1.4
Evocations     | |  0.6

Action                   |  1- 3 |  4- 6 || total
-------------------------+-------+-------++-------
Melee: Hand axe          |    70 |    39 ||   109
       War axe           |       |    51 ||    51
       Battleaxe         |       |    36 ||    36
 Fire: Hand crossbow     |    11 |    30 ||    41
  Use: Scroll            |     2 |     1 ||     3
       Potion            |       |     5 ||     5
  Eat: Chunk             |       |     6 ||     6
Armor: Ring mail         |    20 |    44 ||    64
       Leather armour    |     2 |       ||     2
       Skin              |       |    28 ||    28
Dodge: Dodged            |    45 |    83 ||   128

Table legend:
 A = Non-vault XP
 B = Vault XP
 C = Vault XP percentage of total XP
 D = Non-vault monster count
 E = Vault monster count
 F = Vault count percentage of total count
                 A         B        C        D         E       F
            +---------+---------+-------+---------+---------+-------
      Total |     285 |      32 |  10.1 |      64 |      12 |  15.8
            +---------+---------+-------+---------+---------+-------
        D:1 |      48 |       0 |   0.0 |      20 |       0 |   0.0
        D:2 |      36 |      31 |  46.3 |      14 |      11 |  44.0
        D:3 |     108 |       1 |   0.9 |      25 |       1 |   3.8
        D:4 |      93 |       0 |   0.0 |       5 |       0 |   0.0
            +---------+---------+-------+---------+---------+-------
